 Dungeon Crawl Stone Soup version 0.25-a0-248-g18654cfe15 (webtiles) character file.

Game seed: 7049406002630214965, levelgen mode: deterministic

33 Jerej03 the Gusty (level 3, -2/19 HPs)
             Began as a Tengu Air Elementalist on Dec 4, 2019.
             Slain by a phantom (3 damage)
             ... on level 3 of the Dungeon.
             The game lasted 00:07:41 (1136 turns).

Jerej03 the Gusty (Tengu Air Elementalist)          Turns: 1136, Time: 00:07:41

Health: -2/19      AC:  8    Str:  9    XL:     3   Next: 29%
Magic:  7/7        EV:  9    Int: 15    God:
Gold:   58         SH:  0    Dex: 14    Spells: 3/6 levels left

rFire    . . .     SeeInvis .   e - +0 dagger
rCold    . . .     Gourm    .   (no shield)
rNeg     . . .     Faith    .   k - +2 scale mail {rPois}
rPois    +         Spirit   .   (helmet restricted)
rElec    .         Reflect  .   (no cloak)
rCorr    .         Harm     .   (no gloves)
MR       .....                  (boots unavailable)
Stlth    +.........             (no amulet)
HPRegen  0.06/turn              (no ring)
MPRegen  0.10/turn              (no ring)

@: very slightly contaminated
A: beak, talons 3
a: no special abilities


You were on level 3 of the Dungeon.
You were not hungry.

You visited 1 branch of the dungeon, and saw 3 of its levels.

You collected 58 gold pieces.

Inventory:

Hand Weapons
 e - a +0 dagger (weapon)
Armour
 a - a +0 robe
 b - a +0 leather armour
 k - a +2 scale mail of poison resistance (worn)
Scrolls
 d - a scroll of amnesia {unknown}
 f - a scroll of random uselessness {unknown}
 g - a scroll of enchant weapon {unknown}
 i - 2 scrolls of teleportation
 j - a scroll of magic mapping {unknown}
 l - a scroll of remove curse {unknown}
 m - a scroll of enchant armour {unknown}
 n - a scroll of fear {unknown}
 o - 2 scrolls of identify {unknown}
Potions
 h - a potion of might {unknown}
 p - a potion of heal wounds {unknown}
Comestibles
 c - 4 rations


   Skills:
 + Level 0.1 Short Blades
 + Level 0.7 Armour
 + Level 2.6 Dodging
 + Level 2.3 Stealth
 + Level 2.3 Spellcasting
 + Level 1.4 Conjurations
 + Level 4.6 Air Magic


You had 3 spell levels left.
You knew the following spells:

 Your Spells              Type           Power        Failure   Level  Hunger
a - Shock                 Conj/Air       ##..         45%         1    #......
b - Swiftness             Chrm/Air       #.......     71%         2    ###....

Your spell library contained the following spells:

 Spells                   Type           Power        Failure   Level  Hunger
 Static Discharge         Conj/Air       ##......     83%         3    ###....
 Airstrike                Air            ###.......   95%         4    #####..
 Lightning Bolt           Conj/Air       ##........   100%        5    ######.


Dungeon Overview and Level Annotations

Branches:
Dungeon (3/15)

Altars:


Innate Abilities, Weirdness & Mutations

You have a beak for a mouth.
You have claws for feet.


Message History

You climb downwards.
There is a stone staircase leading up here.
A goblin comes into view. It is wielding a +0 dagger.
The goblin shouts!
The goblin hits you but does no damage.
You closely miss the goblin. You claw the goblin.
The goblin is almost dead.
A phantom comes into view.
The goblin hits you but does no damage.
You hit the goblin.
You kill the goblin!
The phantom blinks!
You see here a +0 dagger.
The phantom blinks!
The phantom hits you.
* * * LOW HITPOINT WARNING * * *
The phantom blinks!
You completely miss the phantom. The phantom barely misses you.
You closely miss the phantom. The phantom hits you.
You die...

#.. #.# #.# #.# #.# #.#
#############.#######.#
#......).......@W.....#
#.##########.#######...
#<# #.# ...# #.# ####
#.# #.# #.# ...


You could see a phantom.

Vanquished Creatures
  2 leopard geckos (D:1)
  A bat (D:2)
  2 giant cockroaches (D:2)
  4 hobgoblins
  2 jackals (D:2)
  A quokka (D:2)
  A frilled lizard (D:2)
  9 goblins
  A kobold (D:1)
  4 rats
27 creatures vanquished.

Notes
Turn   | Place    | Note
-------+----------+-------------------------------------------
     0 | D:1      | Jerej03 the Tengu Air Elementalist began the quest for the
                  | Orb.
     0 | D:1      | Reached XP level 1. HP: 10/10 MP: 4/4
   317 | D:1      | Reached XP level 2. HP: 6/15 MP: 6/6
   995 | D:2      | Learned a level 2 spell: Swiftness
  1021 | D:2      | Reached XP level 3. HP: 4/19 MP: 1/7
  1124 | D:3      | Noticed a phantom
  1136 | D:3      | Slain by a phantom

Levels and vault maps discovered:
D:1:      wander_arrival_chamber, layout_loops_corners,
          minmay_tree_intersection, serial_bayou_pond_d, serial_park_tiny_pond,
          minmay_close_crescents
D:2:      layout_rooms, elyvilon_altar_1, first_ration, minmay_misc_feat_iff
D:3:      layout_loops_ring, lemuel_crystal_altar, gammafunk_ghost_icy

Action                   || total
-------------------------++-------
Melee: Dagger            ||    77
       Peck              ||     9
       Unarmed           ||     2
       Kick              ||    16
 Cast: Shock             ||    20
  Use: Scroll            ||     1
  Eat: Ration            ||     1
Armor: Leather armour    ||     2
       Scale mail        ||    60
Dodge: Dodged            ||    66

Table legend:
 A = Non-vault XP
 B = Vault XP
 C = Vault XP percentage of total XP
 D = Non-vault monster count
 E = Vault monster count
 F = Vault count percentage of total count
                 A         B        C        D         E       F
            +---------+---------+-------+---------+---------+-------
      Total |      43 |       5 |  10.4 |      24 |       3 |  11.1
            +---------+---------+-------+---------+---------+-------
        D:1 |      16 |       5 |  23.8 |       9 |       3 |  25.0
        D:2 |      25 |       0 |   0.0 |      14 |       0 |   0.0
        D:3 |       2 |       0 |   0.0 |       1 |       0 |   0.0
            +---------+---------+-------+---------+---------+-------
